 Dungeon Crawl Stone Soup version 0.19-a0-1637-gfc13266 (webtiles) character file.

88 hairmachine the Cudgeler (level 4, -1/35 HPs)
             Began as a Formicid Abyssal Knight on Sept 19, 2016.
             Was a Believer of Lugonu.
             Slain by a gnoll
             ... wielding a +0 flail
              (9 damage)
             ... on level 1 of the Dungeon.
             The game lasted 00:07:52 (2231 turns).

hairmachine the Cudgeler (Formicid Abyssal Knight)  Turns: 2231, Time: 00:07:53

Health: -1/35      AC:  5    Str: 16    XL:     4   Next: 81%
Magic:  5/5        EV: 10    Int: 12    God:    Lugonu [**....]
Gold:   26         SH:  0    Dex: 11    Spells: 0 memorised, 3 levels left

rFire  . . .     SeeInvis +     a - +1 mace
rCold  . . .     Gourm    .     d - +0 ring mail
rNeg   . . .     Faith    .     (no shield)
rPois  .         Spirit   .     (helmet unavailable)
rElec  .         Dismiss  .     (no cloak)
rCorr  .         Reflect  .     (no gloves)
MR     .....     Harm     .     (no boots)
Stlth  +.........               (no amulet)
                                (no ring)
                                (no ring)

@: drained
A: permanent stasis, dig shafts and tunnels, four strong arms, antennae 3
a: Dig, Shaft Self, Depart the Abyss, Bend Space, Renounce Religion


You were on level 1 of the Dungeon.
You worshipped Lugonu.
Lugonu was pleased with you.
You were hungry.

You visited 1 branch of the dungeon, and saw 2 of its levels.
You visited the Abyss 1 time.

You collected 26 gold pieces.

Inventory:

Hand Weapons
 a - a +1 mace (weapon)
Missiles
 h - 44 stones (quivered)
Armour
 d - a +0 ring mail (worn)
Jewellery
 i - an uncursed amulet of dismissal {unknown}
Scrolls
 b - a scroll of remove curse
Potions
 e - a potion of agility {unknown}
 g - a potion of curing {unknown}
Comestibles
 c - 3 bread rations
 j - a meat ration


   Skills:
 - Level 3.4(2.7) Fighting
 + Level 4.4(3.7) Maces & Flails
 - Level 2.1(1.5) Armour
 - Level 0.8(0.2) Dodging
 - Level 2.1(1.5) Invocations


You had 3 spell levels left.
You didn't know any spells.

Dungeon Overview and Level Annotations

Branches:
Dungeon (2/15)

Altars:


Innate Abilities, Weirdness & Mutations

You are under a permanent stasis effect.
You can dig through walls and to a lower floor.
Your four strong arms can wield two-handed weapons with a shield.
You have a pair of large antennae on your head. (SInv)


Message History

The gnoll is heavily wounded.
The gnoll barely misses you.
You barely miss the gnoll.
The gnoll is heavily wounded.
The gnoll closely misses you.
You closely miss the gnoll.
The gnoll is heavily wounded.
The gnoll closely misses you.
You barely miss the gnoll.
The gnoll is heavily wounded.
The gnoll hits you with a flail. The gnoll barely misses you.
You hit the gnoll.
The gnoll is severely wounded.
The gnoll hits you with a flail!
* * * LOW HITPOINT WARNING * * *
Are you sure you want to shaft yourself?
You are feeling hungry.
You begin to dig a shaft.
You continue digging a shaft.
The gnoll hits you with a flail!
You die...

########## #........#
#........#
#........##########
#.......>.g@.......
#...)....#######.## {
#........#.....# #.
####........(.....+. ..
[...........#(....#.#####.#
............#.....# ......
........#####.....###..####
........# #.............#
........## #§.≈.......≈..#


You could see a gnoll.

Vanquished Creatures
  Jessica (D:2)
  2 worms (D:2)
  A dart slug (D:2)
  A ball python (D:2)
  7 bats
  2 giant cockroaches (D:2)
  11 goblins
  5 hobgoblins
  4 jackals (D:2)
  2 frilled lizards (D:2)
  6 kobolds
  9 rats
51 creatures vanquished.

Notes
Turn   | Place    | Note
-------+----------+-------------------------------------------
     0 | Abyss:1  | hairmachine the Formicid Abyssal Knight began the quest for the Orb.
     0 | Abyss:1  | Reached XP level 1. HP: 18/18 MP: 2/2
     8 | D:1      | Escaped the Abyss
   220 | D:1      | Reached XP level 2. HP: 13/24 MP: 3/3
   613 | D:2      | Noticed Jessica
   621 | D:2      | Killed Jessica
   621 | D:2      | Reached skill level 3 in Maces & Flails
   621 | D:2      | Reached XP level 3. HP: 21/29 MP: 4/4
   985 | D:2      | Reached XP level 4. HP: 16/35 MP: 5/5
  1259 | D:2      | Reached ** piety under Lugonu
  1259 | D:2      | Reached skill level 4 in Maces & Flails
  2231 | D:1      | Slain by a gnoll

Vault maps used:
D:1:      minmay_arrival_five_plusses
D:2:      kennysheep_the_goblin_king, first_bread, uniq_jessica

Skill      XL: |  1  2  3  4 |
---------------+-------------+-----
Maces & Flails | 3 4 |  4.4
Fighting       | |  3.4
Armour         | |  2.1
Dodging        | |  0.8
Invocations    | |  2.1

Action                   |  1- 3 |  4- 6 || total
-------------------------+-------+-------++-------
Melee: Mace              |    80 |    98 ||   178
 Abil: Shaft Self        |       |     1 ||     1
  Use: Scroll            |     1 |       ||     1
  Eat: Chunk             |       |     4 ||     4
Armor: Leather armour    |    14 |       ||    14
       Ring mail         |    11 |    29 ||    40
Dodge: Dodged            |    48 |    57 ||   105
